 Dungeon Crawl Stone Soup version 0.31-a0-920-g28cbb04a8c (webtiles) character file.

Game seed: 2495586260615972777

1347 Gergoth the Chopper (level 8, 0/109 HPs)
             Began as a Hill Orc Monk on Oct 17, 2023.
             Was a Believer of Beogh.
             Slain by a killer bee (6 damage)
             ... on level 8 of the Dungeon.
             The game lasted 00:13:02 (5906 turns).

Gergoth the Chopper (Hill Orc Monk)                 Turns: 5906, Time: 00:13:03

Health: 0/109      AC: 24    Str: 20    XL:     8   Next: 62%
Magic:  11/11      EV:  2    Int:  9    God:    Beogh [**....]
Gold:   179        SH:  0    Dex: 12    Spells: 9/12 levels left

rFire   . . .        a - +0 hand axe
rCold   . . .        d - orb {light}
rNeg    . . .        e - melded +0 ring mail
rPois   +            F - melded +0 helmet
rElec   .            C - melded +1 cloak {rCorr}
rCorr   .            (gloves currently unavailable)
SInv    .            A - melded +0 pair of boots
Will    .....        (no amulet)
Stlth   +            (no ring)
HPRegen 0.38/turn    (no ring)
MPRegen 0.12/turn

%: no passive effects
@: lethally poisoned (0 -> -4), tree-form, hasted, glowing, very quick
A: stationary, stasis, torment immunity, boosted hp, (fire resistance 1), strong
1, no potion heal 1
a: Renounce Religion, Smiting


You were on level 8 of the Dungeon.
You worshipped Beogh.
Beogh was pleased with you.
You were a tree.
You visited 2 branches of the dungeon, and saw 10 of its levels.

You collected 294 gold pieces.
You spent 115 gold pieces at shops.

Inventory:

Hand Weapons
 a - a +0 hand axe (weapon)
Armour
 d - an orb of light (worn)
 e - a +0 ring mail (melded)
 f - a scarf of harm
 m - a +0 buckler
 A - a +0 pair of boots (melded)
 C - a +1 cloak of preservation (melded)
 F - a +0 helmet (melded)
Jewellery
 h - a +6 ring of dexterity
 u - a ring of flight
 z - a +4 ring of slaying
 D - an amulet of magic regeneration
Scrolls
 b - a scroll of blinking
 p - 4 scrolls of teleportation
 r - 3 scrolls of poison
 s - a scroll of butterflies {unknown}
 t - a scroll of revelation
 v - a scroll of enchant weapon {unknown}
 y - a scroll of amnesia
 E - 2 scrolls of identify
Potions
 g - 2 potions of might
 i - 2 potions of invisibility
 l - 2 potions of curing
 o - 2 potions of brilliance {unknown}
 q - 2 potions of haste
 w - a potion of degeneration {unknown}
 B - a potion of enlightenment {unknown}


   Skills:
 * Level 7.1 Fighting
 * Level 7.7 Axes
 + Level 3.7 Armour
 + Level 3.7 Dodging
 + Level 2.5 Spellcasting
 + Level 1.3 Translocations
 + Level 1.9 Fire Magic
 + Level 2.5 Invocations


You had 9 spell levels left.
You knew the following spells:

 Your Spells              Type           Power      Damage    Failure   Level
a - Volatile Blastmotes   Fire/Tloc      8%         2d10      43%         3

Your spell library contained the following spells:

 Spells                   Type           Power      Damage    Failure   Level
 Necrotise                Necr           4%         1d4       32%         1
 Dazzling Flash           Conj/Hex       2%         N/A       67%         3
 Vampiric Draining        Necr           1%         2d6       67%         3
 Agony                    Necr           1%         N/A       100%        5
 Starburst                Conj/Fire      1%         6d3       100%        6
 Maxwell's Capacitive Co  Air            0%         ∞         100%        8


Dungeon Overview and Level Annotations

Branches:
Dungeon (9/15)             Temple (1/1) D:6             Orc (0/2) D:9
   Lair: D:8-11

Altars:
Ashenzari
Cheibriados
Dithmenos
Elyvilon
Fedhas
Gozag
Hepliaklqana
Kikubaaqudgha
Makhleb
Nemelex Xobeh
Okawaru
Ru
Sif Muna
Trog
Uskayaw
Vehumet
Wu Jian
Xom
Yredelemnul
Zin
The Shining One

Shops:
D:1 ?[[?

Annotations:
D:6 1 runed translucent door, Pi314's ghost, novice DrCj; Pikel
D:7 Jeremiah


Innate Abilities, Weirdness & Mutations

You are a tree.
Your roots penetrate the ground, keeping you stationary.
You cannot be teleported.
You are immune to unholy pain and torment.
Your maximum health is greatly increased.
Your equipment is partially melded.
((Your flesh is heat resistant. (rF+)))
Your muscles are strong. (Str +4, Int/Dex -1)
Potions are less effective at restoring your health.


Message History

The killer bee stings you.
* * * LOW HITPOINT WARNING * * *
The killer bee stings you but does no damage.
Your system partially rejects the healing.
You feel much better.
You feel sick.
You are no longer poisoned.
The killer bee stings you but does no damage. x2
The killer bee stings you.
* * * LOW HITPOINT WARNING * * *
The killer bee stings you but does no damage.
You feel yourself speed up.
The killer bee stings you but does no damage.
The killer bee stings you.
* * * LOW HITPOINT WARNING * * *
The killer bee barely misses you.
The killer bee stings you but does no damage.
You slash the killer bee!
The killer bee is heavily wounded.
You hit the killer bee but do no damage.
The killer bee stings you but does no damage. x2
You hit the killer bee.
The killer bee is severely wounded.
You hit the killer bee. The killer bee stings you.
* * * LOW HITPOINT WARNING * * *
You are poisoned.
The killer bee poisons you!
The killer bee stings you but does no damage.
You closely miss the killer bee.
The killer bee is severely wounded.
You hit the killer bee but do no damage.
You feel sick.
The killer bee stings you but does no damage. x2
You closely miss the killer bee.
The killer bee is severely wounded.
You barely miss the killer bee.
You feel sick.
The killer bee stings you but does no damage. x2
The killer bee stings you.
* * * LOW HITPOINT WARNING * * *
The killer bee stings you.
You die...

###
...####.######
........>..y†#
...##~~~~~.#♣#
...~~≈~≈~~#y#
..~~~~###~~~~##
.~~≈## ###≈~~#
.~~P ##≈~# .~~
#~~# .~ #≈~#
#~~~# ~~~~##


You could see 2 killer bees.

Vanquished Creatures
  A water moccasin (D:9)
  An ice beast (D:6)
  An ogre (D:4)
  A centaur (D:6)
  A lemure (D:5)
  2 phantoms
  A kobold brigand (D:8)
  3 bullfrogs
  3 scorpions
  2 killer bees (D:8)
  An orc priest (D:9)
  A jelly (D:6)
  Crazy Yiuf (D:4)
  2 iguanas (D:5)
  An orc wizard (D:7)
  5 adders
  A shadow imp (D:8)
  A white imp (D:6)
  3 dart slugs
  6 orcs
  4 ball pythons
  5 endoplasms
  5 giant cockroaches
  8 goblins
  10 hobgoblins
  3 jackals (D:2)
  5 quokkas
  5 bats
  4 frilled lizards
  14 kobolds
  11 rats
112 creatures vanquished.

Notes
Turn   | Place    | Note
-------+----------+-------------------------------------------
     0 | D:1      | Gergoth the Hill Orc Monk began the quest for the Orb.
     0 | D:1      | Reached XP level 1. HP: 19/19 MP: 1/1
   125 | D:1      | Reached XP level 2. HP: 21/27 MP: 2/2
   149 | D:1      | Found The Oracle's Delphic Readings.
   358 | D:1      | Found Nefranim's Magic Scroll Boutique.
   451 | D:1      | Found Repulir's Antique Armour Emporium.
   454 | D:1      | Found Tauzxirr's Armour Boutique.
   568 | D:1      | Reached skill level 1 in Armour
   686 | D:2      | Reached XP level 3. HP: 33/33 MP: 3/3
   902 | D:2      | Reached XP level 4. HP: 37/40 MP: 3/5
  1310 | D:3      | Found a hazy altar of Hepliaklqana.
  1413 | D:3      | Identified the +1 glaive of Souv {drain, Will+ Stlth+}
  1609 | D:3      | Reached skill level 5 in Axes
  1916 | D:1      | Bought a scroll of blinking for 75 gold pieces
  1916 | D:1      | Bought a scroll of amnesia for 40 gold pieces
  2003 | D:4      | Found a blossoming altar of Fedhas.
  2003 | D:4      | Found an ornate altar of the Wu Jian Council.
  2011 | D:4      | Found a faded altar of an unknown god.
  2013 | D:4      | Found a bloodstained altar of Trog.
  2015 | D:4      | Found a faded altar of an unknown god.
  2068 | D:4      | Noticed a scorpion
  2072 | D:4      | Reached skill level 1 in Spellcasting
  2084 | D:4      | Killed a scorpion
  2085 | D:4      | Reached XP level 5. HP: 16/47 MP: 6/6
  2288 | D:4      | Noticed a phantom
  2325 | D:4      | Killed a phantom
  2326 | D:4      | Reached skill level 5 in Fighting
  2326 | D:4      | Reached XP level 6. HP: 44/56 MP: 7/7
  2715 | D:4      | Found a runed translucent door.
  2716 | D:4      | Noticed Crazy Yiuf
  3393 | D:4      | Killed Crazy Yiuf
  3615 | D:5      | Entered Level 5 of the Dungeon
  3709 | D:5      | Reached XP level 7. HP: 48/62 MP: 9/9
  4093 | D:5      | Learned a level 3 spell: Volatile Blastmotes
  4349 | D:5      | You fall into a shaft and drop 1 floor!
  4362 | D:6      | Found a basalt altar of Yredelemnul.
  4443 | D:6      | Found a runed translucent door.
  4444 | D:6      | Noticed Pi314's ghost (novice DrCj)
  4527 | D:6      | Noticed Pikel
  4681 | D:7      | Noticed Jeremiah
  5012 | D:6      | Reached skill level 1 in Invocations
  5148 | D:6      | Reached skill level 1 in Fire Magic
  5148 | D:6      | Reached XP level 8. HP: 42/71 MP: 11/11
  5156 | D:6      | Found a staircase to the Ecumenical Temple.
  5165 | Temple   | Entered the Ecumenical Temple
  5416 | D:8      | Reached skill level 1 in Translocations
  5466 | D:8      | Noticed a vampire
  5565 | D:9      | Became a worshipper of Beogh the Brigand
  5565 | D:9      | Reached * piety under Beogh
  5565 | D:9      | Reached ** piety under Beogh
  5610 | D:9      | Found a staircase to the Orcish Mines.
  5880 | D:8      | Gained mutation: Potions are less effective at restoring
                  | your health. [potion of mutation]
  5880 | D:8      | Gained mutation: Your flesh is heat resistant. (rF+)
                  | [potion of mutation]
  5880 | D:8      | Gained mutation: Your muscles are strong. (Str +4, Int/Dex
                  | -1) [potion of mutation]
  5898 | D:8      | HP: 5/109 [killer bee (4)]
  5899 | D:8      | HP: 2/109 [killer bee (2)]
  5906 | D:8      | Slain by a killer bee

Illustrated notes

Levels and vault maps discovered:
D:1:      tarquinn_simple_flora_water_f, layout_rooms, serial_shops,
          nicolae_shop_peninsula, shop, shop, nicolae_nh_oracle_at_delphi
D:2:      layout_rooms
D:3:      layout_basic, nicolae_hepliaklqana_hazy_memory, kennysheep_crisscross
D:4:      layout_basic, chequers_temple_overflow_minitemple,
          hangedman_abyss_or_decor_slice, uniq_crazy_yiuf_cottage
D:5:      layout_loops_ring
D:6:      layout_basic, kennysheep_mini, minmay_temple_entry_glass,
          gammafunk_ghost_grave, uniq_pikel, uniq_eustachio
D:7:      layout_basic, kennysheep_another_room, st_stairs_6, uniq_jeremiah
D:8:      layout_basic, worms_lemuel
D:9:      layout_gridville, mainiacjoe_overflow_chevrons, orc_0_dummy,
          uniq_harold
Temple:   minmay_temple_bridge_d

Skill      XL: |  1  2  3  4  5  6  7  8 |
---------------+-------------------------+-----
Fighting       | 4 5 6 7 |  7.1
Armour         | 1 2 3 |  3.7
Axes           | 5 6 7 |  7.7
Spellcasting   | 1 2 |  2.5
Dodging        | 3 |  3.7
Invocations    | 1 2 |  2.5
Fire Magic     | 1 |  1.9
Translocations | 1 |  1.3

Action                     |  1- 3 |  4- 6 |  7- 9 || total
---------------------------+-------+-------+-------++-------
  Melee: Hand axe          |   100 |   158 |   229 ||   487
 Invoke: Convert to Beogh  |       |       |     1 ||     1
    Use: Scroll            |     3 |     5 |     1 ||     9
         Potion            |       |       |    10 ||    10
 Armour: Ring mail         |    62 |   100 |   183 ||   345
         Skin              |       |       |   115 ||   115
  Dodge: Dodged            |    53 |    78 |   120 ||   251

Table legend: (Time is in decaauts)
 A = Elapsed time spent in this place.
 B = Non-inter-level travel time spent in this place.
 C = Inter-level travel time spent in this place.
 D = Time resting spent in this place.
 E = Time spent auto-exploring this place.
 F = Levels seen in this place.
 G = Mean time per level.
                   A        B        C        D        E       F      G
               +--------+--------+--------+--------+--------+-----+--------+
         Total |   5916 |   5592 |    324 |    992 |   3034 |  10 |  591.6 |
       Dungeon |   5829 |   5548 |    281 |    992 |   3034 |   9 |  647.7 |
        Temple |     86 |     43 |     43 |      0 |      0 |   1 |   86.0 |
               +--------+--------+--------+--------+--------+-----+--------+

Top non-repeatable levels by time:
     D:4: 1668 daAuts
     D:5: 1002 daAuts
     D:3: 726 daAuts
     D:1: 686 daAuts
     D:6: 605 daAuts
     D:2: 548 daAuts
     D:9: 381 daAuts
     D:8: 138 daAuts
  Temple: 86 daAuts
     D:7: 71 daAuts
